AoeStats
← vyrluky

QS Arena

503231743Analyzed
1v1 RM · 1mo ago on Aug 30, 2026· 43m 53s· 2 players
Game mode
Random Map
Map size
Tiny (2 player)
Population
200
Speed
Normal
Resources
Standard
Victory
Conquest
Starting age
Dark Age
Ending age
Imperial Age
RankedLock teamsTeams togetherTeam positionsShared explorationLock speedFull tech treeHidden civsTurbo modeCheats
Victory
Defeat
🇨🇿 Bohemians · Czechia
778
+16
🇧🇷 Vikings · Brazil
787
-16
vyrluky
0:26 Loom
9:27 Feudal Age
10:04 Horse Collar
10:10 Double-Bit Axe
15:51 Castle Age
17:46 Forging
21:06 Bow Saw
20:58 Heavy Plow
20:33 Pikeman
25:01 Iron Casting
24:20 Fletching
24:43 Elite Skirmisher
25:22 Bodkin Arrow
29:34 Redemption
32:10 Imperial Age
31:21 Fervor
31:45 Sanctity
31:17 Town Watch
32:08 Wheelbarrow
32:16 Halberdier
33:46 Conscription
34:43 Chemistry
34:28 Squires
34:35 Scale Mail Armor
38:28 Houfnice
40:57 Chain Mail Armor
41:41 Bracer
42:11 Plate Mail Armor
42:09 Wagenburg Tactics
43:44 Hand Cart
43:30 Town Patrol
Bayraktar_TB2
7:55 Feudal Age
9:55 Horse Collar
12:18 Forging
15:22 Castle Age
14:11 Forging
14:31 Loom
16:14 Scale Mail Armor
16:24 Loom
17:02 Fletching
18:20 Pikeman
20:39 Squires
21:10 Double-Bit Axe
20:57 Crossbowman
22:29 Elite Skirmisher
24:07 Elite Skirmisher
29:17 Bodkin Arrow
30:09 Padded Archer Armor
30:41 Heavy Plow
31:55 Leather Archer Armor
31:56 Chain Mail Armor
32:16 Iron Casting
35:54 Imperial Age
34:07 Town Watch
34:20 Gold Mining
36:16 Iron Casting
38:22 Blast Furnace
38:43 Hoardings
39:59 Ring Archer Armor
42:05 Bracer
43:02 Elite Berserk
Connection lost

Rejoining the realm…

Still unreachable

The connection could not be restored.

Session expired

The server has moved on; the page needs a fresh start.